[Event "ESTCC-50 2025"]
[Site "Swidnica"]
[Date "2025.04.12"]
[Round "8.1"]
[White "Adams, Michael"]
[Black "Bischoff, Klaus"]
[Result "1-0"]
[Annotator "ChessBase"]
[ECO "B50"]
[WhiteElo "2661"]
[BlackElo "2425"]
[PlyCount "77"]
[EventDate "2025.04.05"]
[EventType "team-tourn"]
[EventCountry "POL"]
[SourceTitle "playchess.com"]
[Source "ChessBase"]
[SourceQuality "1"]
[WhiteTeam "England"]
[BlackTeam "Germany"]
[WhiteTeamCountry "ENG"]
[BlackTeamCountry "GER"]
[TimeControl "40/5400+30:1800+30"]

1. e4 c5 2. Nf3 d6 3. Nc3 Nf6 4. d4 cxd4 5. Qxd4 a6 6. Nd5 Nc6 7. Qe3 Nd7 8. Bd2 e6 9. Nf4 Be7 10. O-O-O O-O 11. h4 b5 12. Nh5 Qb6 13. Qf4 e5 14. Qg3 g6 15. Ng5 Nc5 16. Re1 f5 17. f4 fxe4 18. fxe5 dxe5 19. Be2 Qc7 20. Nxh7 Kxh7 21. Qe3 Rf4 22. Nxf4 exf4 23. Qxf4 Qxf4 24. Bxf4 Nd4 25. Bd1 Bb7 26. h5 g5 27. Be3 Nf5 28. Rhf1 Rf8 29. Bg1 Ng3 30. Rxf8 Bxf8 31. Bg4 Bc6 32. Rd1 e3 33. Bxe3 Nce4 34. Rd8 Bg7 35. Bf3 Nf5 36. Bxg5 Nd4 37. h6 Nxf3 38. hxg7 Kxg7 39. Bh6+ 1-0

[Event "ESTCC-50 2025"]
[Site "Swidnica"]
[Date "2025.04.12"]
[Round "8.2"]
[White "Holzke, Frank"]
[Black "Emms, John M"]
[Result "0-1"]
[Annotator "ChessBase"]
[ECO "C89"]
[WhiteElo "2412"]
[BlackElo "2411"]
[PlyCount "112"]
[EventDate "2025.04.05"]
[EventType "team-tourn"]
[EventCountry "POL"]
[SourceTitle "playchess.com"]
[Source "ChessBase"]
[SourceQuality "1"]
[WhiteTeam "Germany"]
[BlackTeam "England"]
[WhiteTeamCountry "GER"]
[BlackTeamCountry "ENG"]
[TimeControl "40/5400+30:1800+30"]

1. e4 e5 2. Nf3 Nc6 3. Bb5 a6 4. Ba4 Nf6 5. O-O Be7 6. Re1 b5 7. Bb3 O-O 8. c3 d5 9. d4 exd4 10. e5 Ne4 11. cxd4 Bf5 12. Bd2 Qd7 13. Nc3 Nxc3 14. Bxc3 Nd8 15. h3 Ne6 16. Ba5 Rac8 17. Bc2 Bxc2 18. Qxc2 c5 19. dxc5 Bxc5 20. Qd2 d4 21. Rad1 h6 22. b3 Qb7 23. Bb4 Rfd8 24. Bxc5 Rxc5 25. Qd3 Rc3 26. Qf5 Qc7 27. Rd2 Rc1 28. Rxc1 Qxc1+ 29. Kh2 Qc5 30. Qe4 Qd5 31. Qxd5 Rxd5 32. g3 g5 33. b4 Kg7 34. Rd3 h5 35. h4 g4 36. Ng5 Rxe5 37. Nxe6+ Rxe6 38. Rxd4 Re2 39. Kg2 Rxa2 40. Rd6 f6 41. Rd7+ Kg6 42. Rd6 Ra4 43. Rc6 Rxb4 44. Rxa6 Rb1 45. Rb6 b4 46. Kh2 b3 47. Kg2 Rb2 48. Kg1 Kf5 49. Kg2 Ke4 50. Rb4+ Kd3 51. Rb5 Kc4 52. Rxh5 Rd2 53. Rh8 Rd5 54. Rc8+ Kb4 55. Rc1 b2 56. Rh1 Rc5 0-1

[Event "ESTCC-50 2025"]
[Site "Swidnica"]
[Date "2025.04.12"]
[Round "8.3"]
[White "Flear, Glenn C"]
[Black "Boensch, Uwe"]
[Result "1/2-1/2"]
[Annotator "ChessBase"]
[ECO "D35"]
[WhiteElo "2366"]
[BlackElo "2465"]
[PlyCount "95"]
[EventDate "2025.04.05"]
[EventType "team-tourn"]
[EventCountry "POL"]
[SourceTitle "playchess.com"]
[Source "ChessBase"]
[SourceQuality "1"]
[WhiteTeam "England"]
[BlackTeam "Germany"]
[WhiteTeamCountry "ENG"]
[BlackTeamCountry "GER"]
[TimeControl "40/5400+30:1800+30"]

1. d4 Nf6 2. c4 e6 3. Nc3 d5 4. cxd5 exd5 5. Bg5 c6 6. e3 h6 7. Bh4 Be7 8. Bd3 Nbd7 9. Qc2 O-O 10. Nge2 Re8 11. f3 b5 12. O-O a6 13. Rac1 c5 14. dxc5 Nxc5 15. Bxf6 Bxf6 16. Bh7+ Kh8 17. Rfd1 Be6 18. Nxd5 Rc8 19. Bf5 Bxb2 20. Bxe6 fxe6 21. Qxb2 exd5 22. Nf4 Na4 23. Qd4 Qb6 24. Rxc8 Rxc8 25. Nxd5 Qxd4 26. exd4 a5 27. Rd2 b4 28. Kf2 Rd8 29. Ne3 Nc3 30. d5 Kg8 31. d6 a4 32. Nc4 a3 33. d7 b3 34. Nxa3 bxa2 35. Nc2 Kf7 36. Na1 Ke7 37. Rc2 Nd5 38. Rxa2 Rxd7 39. Nb3 Nf6 40. Nc5 Rc7 41. Re2+ Kf7 42. Nd3 Nd7 43. g4 Rc3 44. Nf4 Ra3 45. Rc2 Ne5 46. Rc7+ Kg8 47. Ne6 Rxf3+ 48. Kg2 1/2-1/2

[Event "ESTCC-50 2025"]
[Site "Swidnica"]
[Date "2025.04.12"]
[Round "8.4"]
[White "Tischbierek, Raj"]
[Black "Davies, Nigel R"]
[Result "1/2-1/2"]
[Annotator "ChessBase"]
[ECO "B41"]
[WhiteElo "2418"]
[BlackElo "2309"]
[PlyCount "75"]
[EventDate "2025.04.05"]
[EventType "team-tourn"]
[EventCountry "POL"]
[SourceTitle "playchess.com"]
[Source "ChessBase"]
[SourceQuality "1"]
[WhiteTeam "Germany"]
[BlackTeam "England"]
[WhiteTeamCountry "GER"]
[BlackTeamCountry "ENG"]
[TimeControl "40/5400+30:1800+30"]

1. e4 c5 2. Nf3 e6 3. d4 cxd4 4. Nxd4 a6 5. c4 Nf6 6. Nc3 Qc7 7. a3 b6 8. Be3 Bb7 9. f3 Be7 10. Be2 O-O 11. O-O d6 12. Qd2 Nbd7 13. Rfc1 Rac8 14. b4 Qb8 15. Bf1 Rfe8 16. Kh1 h5 17. h4 Nh7 18. Qf2 Bd8 19. Rab1 Nhf8 20. Bg5 Nh7 21. Bxd8 Rexd8 22. Nb3 Nhf6 23. a4 d5 24. exd5 exd5 25. c5 bxc5 26. Nxc5 Nxc5 27. bxc5 Qc7 28. Ne2 Bc6 29. Qd4 Qa5 30. Rb4 Rb8 31. Rb6 Qxa4 32. Qxa4 Bxa4 33. Rxa6 Bb5 34. Ra5 Bxe2 35. Bxe2 Rb7 36. Kg1 Rc7 37. Kf2 Kf8 38. Bd3 1/2-1/2

[Event "ESTCC-50 2025"]
[Site "Swidnica"]
[Date "2025.04.12"]
[Round "8.5"]
[White "Buckley, Graeme N"]
[Black "Zeidler, Sven P."]
[Result "1-0"]
[Annotator "ChessBase"]
[ECO "B00"]
[WhiteElo "2268"]
[BlackElo "2143"]
[PlyCount "59"]
[EventDate "2025.04.05"]
[EventType "team-tourn"]
[EventCountry "POL"]
[SourceTitle "playchess.com"]
[Source "ChessBase"]
[SourceQuality "1"]
[WhiteTeam "England"]
[BlackTeam "Wales"]
[WhiteTeamCountry "ENG"]
[BlackTeamCountry "WLS"]
[TimeControl "40/5400+30:1800+30"]

1. e4 Nc6 2. Nf3 d6 3. d4 Nf6 4. Nc3 g6 5. Be3 Bg7 6. Qd2 O-O 7. O-O-O Bg4 8. Qe2 a6 9. h3 Bd7 10. e5 Ne8 11. Bf4 b5 12. Qe3 Qb8 13. Bh6 Qb6 14. g4 b4 15. Nd5 Qa5 16. Bc4 Be6 17. Bxg7 Kxg7 18. Qe4 Rd8 19. Ng5 Bd7 20. h4 e6 21. Nf6 d5 22. Qf4 dxc4 23. h5 h6 24. hxg6 fxg6 25. Rxh6 Nxf6 26. exf6+ Rxf6 27. Rh7+ Kg8 28. Qxf6 Qxg5+ 29. Qxg5 Kxh7 30. Qf6 1-0

[Event "ESTCC-50 2025"]
[Site "Swidnica"]
[Date "2025.04.12"]
[Round "8.6"]
[White "Fletcher, John"]
[Black "Duncan, Chris R"]
[Result "1/2-1/2"]
[Annotator "ChessBase"]
[ECO "D00"]
[WhiteElo "1989"]
[BlackElo "2178"]
[PlyCount "58"]
[EventDate "2025.04.05"]
[EventType "team-tourn"]
[EventCountry "POL"]
[SourceTitle "playchess.com"]
[Source "ChessBase"]
[SourceQuality "1"]
[WhiteTeam "Wales"]
[BlackTeam "England"]
[WhiteTeamCountry "WLS"]
[BlackTeamCountry "ENG"]
[TimeControl "40/5400+30:1800+30"]

1. d4 d5 2. Bf4 c5 3. e3 cxd4 4. exd4 Nc6 5. Nf3 Bf5 6. c3 e6 7. Bd3 Bxd3 8. Qxd3 Bd6 9. Bxd6 Qxd6 10. O-O Nf6 11. Nbd2 O-O 12. Rfe1 Rae8 13. Ne5 Nd7 14. Nxd7 Qxd7 15. f4 Qd6 16. Rf1 f6 17. Rae1 Re7 18. Qg3 Rfe8 19. Re3 Nd8 20. Nb3 Nf7 21. Rfe1 Nh6 22. R3e2 b6 23. Nc1 Qc7 24. Nd3 Qc4 25. a3 Qc7 26. Qf3 Nf5 27. g4 Nh4 28. Qf2 Ng6 29. f5 exf5 1/2-1/2

[Event "ESTCC-50 2025"]
[Site "Swidnica"]
[Date "2025.04.12"]
[Round "8.7"]
[White "Crocker, Philip J"]
[Black "Adams, Mark"]
[Result "1-0"]
[Annotator "ChessBase"]
[ECO "A29"]
[WhiteElo "2137"]
[BlackElo "1916"]
[PlyCount "111"]
[EventDate "2025.04.05"]
[EventType "team-tourn"]
[EventCountry "POL"]
[SourceTitle "playchess.com"]
[Source "ChessBase"]
[SourceQuality "1"]
[WhiteTeam "England"]
[BlackTeam "Wales"]
[WhiteTeamCountry "ENG"]
[BlackTeamCountry "WLS"]
[TimeControl "40/5400+30:1800+30"]

1. c4 e5 2. Nc3 Nf6 3. Nf3 Nc6 4. g3 d5 5. cxd5 Nxd5 6. Bg2 Nb6 7. O-O Be7 8. a3 O-O 9. d3 Be6 10. Be3 f6 11. Rc1 Qd7 12. Ne4 Rad8 13. Bc5 Bd5 14. Bxe7 Qxe7 15. Nc5 Nb8 16. Nd2 c6 17. b4 Rfe8 18. Qc2 Nc8 19. Nc4 Kh8 20. Ne3 Bxg2 21. Nf5 Qf7 22. Kxg2 g6 23. Ne3 Nd6 24. Nc4 b6 25. Nxd6 Rxd6 26. Qb3 Qxb3 27. Nxb3 Kg7 28. Rc4 f5 29. Rfc1 Red8 30. h4 Kf6 31. Kf3 h6 32. Ke3 Re6 33. f3 h5 34. Kf2 Rdd6 35. g4 hxg4 36. fxg4 b5 37. g5+ Kf7 38. R4c3 Ke8 39. e4 fxe4 40. Nc5 Re7 41. Nxe4 Rd4 42. Ke3 Kf8 43. Rf1+ Rf7 44. Rcc1 Rdd7 45. Rxf7+ Rxf7 46. Nf6 Ke7 47. Rc5 Kd6 48. Ke4 Re7 49. Rc1 a5 50. bxa5 Ra7 51. h5 gxh5 52. Kf5 Ke7 53. g6 Kf8 54. Rh1 Nd7 55. Rxh5 Nxf6 56. Kxf6 1-0

[Event "ESTCC-50 2025"]
[Site "Swidnica"]
[Date "2025.04.12"]
[Round "8.8"]
[White "Van Kemenade, Rudy"]
[Black "Noyce, Robert C"]
[Result "1-0"]
[Annotator "NA"]
[ECO "A83"]
[WhiteElo "1945"]
[BlackElo "2065"]
[PlyCount "99"]
[EventDate "2025.04.05"]
[EventType "team-tourn"]
[EventCountry "POL"]
[SourceTitle "playchess.com"]
[Source "ChessBase"]
[SourceQuality "1"]
[WhiteTeam "Wales"]
[BlackTeam "England"]
[WhiteTeamCountry "WLS"]
[BlackTeamCountry "ENG"]
[TimeControl "40/5400+30:1800+30"]

1. d4 f5 2. e4 fxe4 3. Nc3 Nf6 4. Bg5 g6 5. Bxf6 exf6 6. Nxe4 Qe7 7. Qe2 f5 8. Nf6+ Kd8 9. Nd5 Qxe2+ 10. Bxe2 c6 11. Ne3 d6 12. Nf3 Be7 13. O-O-O f4 14. Nc4 Bf5 15. d5 c5 16. Rhe1 Nd7 17. h3 Re8 18. Bd3 Bxd3 19. Rxd3 Kc7 20. a4 Bf6 21. Re6 Be5 22. Rd1 Nf8 23. Rxe8 Rxe8 24. Re1 Nd7 25. Kd1 Nb6 26. Nxb6 axb6 27. b3 Kd7 28. c4 h6 29. Nh2 Bd4 30. Rxe8 Kxe8 31. Ke2 Kf7 32. Nf3 Bc3 33. Kd3 Bb2 34. Ke4 g5 35. Kf5 Bc3 36. h4 gxh4 37. Kxf4 h3 38. gxh3 Kf6 39. Kg4 Kg6 40. Nh4+ Kf6 41. Nf5 h5+ 42. Kf4 Be5+ 43. Ke4 Kg5 44. h4+ Kg4 45. f3+ Kh3 46. f4 Bf6 47. Nxd6 Kxh4 48. Kf3 Kh3 49. Ne4 Bd8 50. f5 1-0

[Event "ESTCC-50 2025"]
[Site "Swidnica"]
[Date "2025.04.12"]
[Round "8.10"]
[White "Ograbek, Grzegorz"]
[Black "Szmyd, Marek"]
[Result "1/2-1/2"]
[Annotator "NA"]
[ECO "D24"]
[WhiteElo "2068"]
[BlackElo "1900"]
[PlyCount "22"]
[EventDate "2025.04.05"]
[EventType "team-tourn"]
[EventCountry "POL"]
[SourceTitle "playchess.com"]
[Source "ChessBase"]
[SourceQuality "1"]
[WhiteTeam "Poland"]
[BlackTeam "Poland"]
[WhiteTeamCountry "POL"]
[BlackTeamCountry "POL"]
[TimeControl "40/5400+30:1800+30"]

1. d4 d5 2. c4 dxc4 3. Nf3 Nf6 4. Nc3 e6 5. e3 c5 6. Bxc4 Be7 7. O-O O-O 8. Qe2 a6 9. a4 Nc6 10. Rd1 Qc7 11. h3 cxd4 1/2-1/2

[Event "ESTCC-50 2025"]
[Site "Swidnica"]
[Date "2025.04.12"]
[Round "8.11"]
[White "Stec, Czeslaw"]
[Black "Czyz, Andrzej"]
[Result "1-0"]
[Annotator "NA"]
[ECO "C42"]
[WhiteElo "1820"]
[BlackElo "1985"]
[PlyCount "127"]
[EventDate "2025.04.05"]
[EventType "team-tourn"]
[EventCountry "POL"]
[SourceTitle "playchess.com"]
[Source "ChessBase"]
[SourceQuality "1"]
[WhiteTeam "Poland"]
[BlackTeam "Poland"]
[WhiteTeamCountry "POL"]
[BlackTeamCountry "POL"]
[TimeControl "40/5400+30:1800+30"]

1. e4 e5 2. Nf3 Nf6 3. Nxe5 d6 4. Nf3 Nxe4 5. d3 Nf6 6. Bg5 Be7 7. Be2 h6 8. Bh4 O-O 9. O-O Bg4 10. Re1 Re8 11. Nc3 Nc6 12. d4 d5 13. Ne5 Bxe2 14. Rxe2 Ne4 15. Nxc6 bxc6 16. Bxe7 Rxe7 17. Qe1 Kf8 18. Nxe4 dxe4 19. Rxe4 Rb8 20. Rxe7 Qxe7 21. Qxe7+ Kxe7 22. b3 Rd8 23. Re1+ Kf6 24. c3 Rd5 25. f3 c5 26. Re4 cxd4 27. Rxd4 Rc5 28. Rd3 a5 29. Kf2 a4 30. c4 axb3 31. axb3 Ra5 32. Ke3 c5 33. h4 Ke6 34. g4 g6 35. Kf4 Ra3 36. h5 g5+ 37. Ke3 Ra6 38. Rd5 Rb6 39. Rxc5 Rxb3+ 40. Ke4 f6 41. Rf5 Rc3 42. Kd4 Rc1 43. Kc5 Rb1 44. Kc6 Rb3 45. c5 Ke7 46. Kc7 Rc3 47. c6 Ke6 48. Kb7 Rb3+ 49. Kc8 Ke7 50. c7 Rb6 51. Rc5 Rb3 52. Rc1 Rxf3 53. Rb1 f5 54. Kb7 Rc3 55. gxf5 Kf6 56. Rb6+ Kxf5 57. Rc6 Rb3+ 58. Ka6 Ra3+ 59. Kb5 Ra8 60. Rxh6 g4 61. Rd6 Rc8 62. Kb6 g3 63. Rg6 Rh8 64. Rxg3 1-0

[Event "ESTCC-50 2025"]
[Site "Swidnica"]
[Date "2025.04.12"]
[Round "8.12"]
[White "Wielosz, Jaroslaw"]
[Black "Zaremba, Artur"]
[Result "0-1"]
[Annotator "ChessBase"]
[ECO "E09"]
[WhiteElo "1939"]
[BlackElo "2133"]
[PlyCount "158"]
[EventDate "2025.04.05"]
[EventType "team-tourn"]
[EventCountry "POL"]
[SourceTitle "playchess.com"]
[Source "ChessBase"]
[SourceQuality "1"]
[WhiteTeam "Poland"]
[BlackTeam "Poland"]
[WhiteTeamCountry "POL"]
[BlackTeamCountry "POL"]
[TimeControl "40/5400+30:1800+30"]

1. c4 e6 2. Nf3 d5 3. d4 Nf6 4. g3 Be7 5. Bg2 c6 6. Nbd2 Nbd7 7. O-O O-O 8. Qc2 h6 9. e4 dxe4 10. Nxe4 Nxe4 11. Qxe4 Nf6 12. Qc2 Qc7 13. Bf4 Bd6 14. Bxd6 Qxd6 15. Rad1 Rd8 16. Rfe1 Bd7 17. Ne5 Be8 18. c5 Qc7 19. Nc4 b5 20. Nd6 Rab8 21. Qd2 Bd7 22. Bf1 Ne8 23. Ne4 e5 24. Qe3 Be6 25. b3 exd4 26. Rxd4 Rxd4 27. Qxd4 Rd8 28. Qc3 Qd7 29. Bg2 Bd5 30. Qe5 Kf8 31. Rd1 Qe7 32. Qxe7+ Kxe7 33. Nc3 Bxg2 34. Rxd8 Kxd8 35. Kxg2 Nf6 36. Kf3 Kd7 37. Ne4 Nd5 38. Nd6 Ke6 39. a4 bxa4 40. bxa4 Nc3 41. a5 Na4 42. Ne8 g6 43. Nc7+ Ke5 44. Ke3 Nxc5 45. Ne8 Ke6 46. Kd4 Nb3+ 47. Kc4 Nxa5+ 48. Kc5 Nb3+ 49. Kxc6 Nd4+ 50. Kc5 Nf3 51. h4 f5 52. Nd6 Ne5 53. Nb5 Nd3+ 54. Kd4 Nxf2 55. Nxa7 Ne4 56. g4 Nd6 57. Nc6 fxg4 58. Ke3 h5 59. Kf4 Nf5 60. Ne5 Nxh4 61. Nd3 Kf6 62. Nc5 g5+ 63. Kg3 Nf5+ 64. Kg2 Nd6 65. Nd7+ Kf5 66. Nb6 h4 67. Nd5 g3 68. Ne3+ Ke4 69. Ng4 Kf4 70. Nf6 g4 71. Nh5+ Kg5 72. Ng7 Ne4 73. Ne6+ Kf5 74. Nd4+ Kf4 75. Ne6+ Ke3 76. Ng7 h3+ 77. Kg1 Kf3 78. Nf5 h2+ 79. Kh1 Nf2# 0-1

[Event "ESTCC-50 2025"]
[Site "Swidnica"]
[Date "2025.04.12"]
[Round "8.13"]
[White "Lalic, Susan K"]
[Black "Laszewicz, Pawel"]
[Result "1/2-1/2"]
[Annotator "ChessBase"]
[ECO "B40"]
[WhiteElo "2227"]
[BlackElo "2011"]
[PlyCount "123"]
[EventDate "2025.04.05"]
[EventType "team-tourn"]
[EventCountry "POL"]
[SourceTitle "playchess.com"]
[Source "ChessBase"]
[SourceQuality "1"]
[WhiteTeam "England"]
[BlackTeam "Poland"]
[WhiteTeamCountry "ENG"]
[BlackTeamCountry "POL"]
[TimeControl "40/5400+30:1800+30"]

1. e4 c5 2. Nf3 e6 3. c3 Nf6 4. e5 Nd5 5. d4 cxd4 6. cxd4 Nc6 7. a3 d6 8. Bd3 dxe5 9. dxe5 Qc7 10. O-O Bd7 11. Re1 h6 12. Bd2 O-O-O 13. Nc3 Nxc3 14. Bxc3 Kb8 15. Rc1 Rc8 16. Qd2 Be7 17. b4 a6 18. a4 Na7 19. Bd4 Qd8 20. Qe3 Nc6 21. Bb6 Qe8 22. b5 Nb4 23. bxa6 Bc6 24. axb7 Bxb7 25. Bb5 Qf8 26. Rxc8+ Qxc8 27. Rc1 Nd5 28. Rxc8+ Rxc8 29. Qd4 Rc1+ 30. Bf1 Ba6 31. Nd2 Bb4 32. h3 Bxd2 33. Qxd2 Rxf1+ 34. Kh2 Nxb6 35. Qd6+ Ka7 36. Qc5 Kb7 37. Qe7+ Kb8 38. Qd6+ Kb7 39. Qe7+ Kb8 40. Qxf7 Bb7 41. Qf8+ Nc8 42. Kg3 Ra1 43. Qxg7 Rxa4 44. Qxh6 Bd5 45. h4 Kc7 46. Qc1+ Kd7 47. Kh3 Ne7 48. h5 Re4 49. f4 Nf5 50. g4 Re3+ 51. Qxe3 Nxe3 52. h6 Be4 53. Kh4 Nxg4 54. Kxg4 Bh7 55. Kg5 Ke7 56. Kh5 Kf7 57. Kg5 Bd3 58. Kh5 Bf5 59. Kg5 Kf8 60. Kf6 Kg8 61. Kg5 Kh7 62. Kh5 1/2-1/2

[Event "ESTCC-50 2025"]
[Site "Swidnica"]
[Date "2025.04.12"]
[Round "8.14"]
[White "Machlowski, Slawomir"]
[Black "Regan, Natasha K"]
[Result "0-1"]
[Annotator "NA"]
[ECO "A25"]
[WhiteElo "1963"]
[BlackElo "2056"]
[PlyCount "92"]
[EventDate "2025.04.05"]
[EventType "team-tourn"]
[EventCountry "POL"]
[SourceTitle "playchess.com"]
[Source "ChessBase"]
[SourceQuality "1"]
[WhiteTeam "Czech Republic"]
[BlackTeam "England"]
[WhiteTeamCountry "CZE"]
[BlackTeamCountry "ENG"]
[TimeControl "40/5400+30:1800+30"]

1. c4 e5 2. Nc3 Nc6 3. g3 Bc5 4. Nf3 a6 5. e3 Ba7 6. d4 exd4 7. exd4 d6 8. Bg2 Bg4 9. Be3 Nge7 10. h3 Bh5 11. O-O O-O 12. a3 Nf5 13. g4 Nxe3 14. fxe3 Bg6 15. b4 f5 16. Nd5 fxg4 17. hxg4 h5 18. Nh2 Qg5 19. Nf4 Bxd4 20. exd4 Rxf4 21. Rxf4 Qxf4 22. Ra2 Qe3+ 23. Kh1 h4 24. Nf1 Qf4 25. Qd2 Qxg4 26. Ne3 Qg3 27. Nf1 Qg4 28. Ne3 Qh5 29. Kh2 Re8 30. Nd5 Qg4 31. Qf2 Be4 32. Nxc7 Rf8 33. Qe1 Qf4+ 34. Kg1 Bxg2 35. Rxg2 Qxd4+ 36. Kh1 Qe5 37. Qd1 h3 38. Re2 Qf5 39. Nd5 Qf3+ 40. Kh2 Ne5 41. Ne7+ Kh8 42. Qe1 Rf6 43. Kg1 Qg4+ 44. Kh1 Rf4 45. Rf2 Nd3 46. Rxf4 Qg2# 0-1

[Event "ESTCC-50 2025"]
[Site "Swidnica"]
[Date "2025.04.12"]
[Round "8.15"]
[White "Jackson, Sheila"]
[Black "Kruczynski, Marek"]
[Result "1-0"]
[Annotator "NA"]
[ECO "B01"]
[WhiteElo "2031"]
[BlackElo "1862"]
[PlyCount "59"]
[EventDate "2025.04.05"]
[EventType "team-tourn"]
[EventCountry "POL"]
[SourceTitle "playchess.com"]
[Source "ChessBase"]
[SourceQuality "1"]
[WhiteTeam "England"]
[BlackTeam "Poland"]
[WhiteTeamCountry "ENG"]
[BlackTeamCountry "POL"]
[TimeControl "40/5400+30:1800+30"]

1. e4 d5 2. exd5 Qxd5 3. Nc3 Qd6 4. d4 Nf6 5. Nf3 Bg4 6. Bb5+ c6 7. Be2 Nbd7 8. O-O e6 9. Be3 Qc7 10. h3 h5 11. Ng5 Nb6 12. hxg4 hxg4 13. g3 Bd6 14. Kg2 O-O-O 15. Bxg4 Nxg4 16. Qxg4 f5 17. Qf3 Qd7 18. Rh1 Rhf8 19. Bf4 Be7 20. Rae1 Rf6 21. Be5 Rg6 22. Nf7 Rf8 23. Qh5 Rg4 24. f3 Rxd4 25. Bxd4 Qxd4 26. Ne5 Bc5 27. Re2 Nd5 28. Nxd5 cxd5 29. Nd3 Qc4 30. Qg6 1-0

[Event "ESTCC-50 2025"]
[Site "Swidnica"]
[Date "2025.04.12"]
[Round "8.16"]
[White "Szydelko, Kazimierz"]
[Black "Fink-Nunn, Petra"]
[Result "1/2-1/2"]
[Annotator "NA"]
[ECO "D30"]
[WhiteElo "1798"]
[BlackElo "1997"]
[PlyCount "107"]
[EventDate "2025.04.05"]
[EventType "team-tourn"]
[EventCountry "POL"]
[SourceTitle "playchess.com"]
[Source "ChessBase"]
[SourceQuality "1"]
[WhiteTeam "Poland"]
[BlackTeam "England"]
[WhiteTeamCountry "POL"]
[BlackTeamCountry "ENG"]
[TimeControl "40/5400+30:1800+30"]

1. d4 d5 2. c4 e6 3. Nf3 a6 4. g3 dxc4 5. Ne5 Nc6 6. Nxc6 Qd5 7. f3 Qxc6 8. Bg2 b5 9. O-O Bb7 10. Rf2 Qd7 11. e4 e5 12. Be3 exd4 13. Qxd4 Qxd4 14. Bxd4 O-O-O 15. Be3 Rd3 16. Re2 Rxe3 17. Rxe3 Bc5 18. Kf2 Nf6 19. Ke2 Bxe3 20. Kxe3 Rd8 21. Nd2 c6 22. Bf1 Kc7 23. Rc1 Kb6 24. Rd1 Kc7 25. Rc1 Bc8 26. g4 g5 27. Be2 h5 28. h4 gxh4 29. g5 Nh7 30. Rg1 Rg8 31. f4 Nf6 32. f5 Ng4+ 33. Bxg4 Rxg5 34. Nf3 Rxg4 35. Rxg4 hxg4 36. Nxh4 Kd6 37. Kf4 b4 38. Ng2 f6 39. Ne3 Kc5 40. Nc2 g3 41. Kxg3 a5 42. Kf4 Kd6 43. Ne3 Ba6 44. Ng4 a4 45. Ke3 c3 46. b3 axb3 47. axb3 Ke7 48. e5 fxe5 49. f6+ Ke6 50. f7 Kxf7 51. Nxe5+ Ke6 52. Nxc6 Kd6 53. Nxb4 Bc4 54. Ke4 1/2-1/2